Map: Emerald City LE

Players

Massa

  • Race: Terran Terran
  • League: Platinum
  • Spawn Location: 5:00

qqq

  • Race: Zerg Zerg
  • Spawn Location: 5:00

Apceros - Winner!

  • Race: Zerg Zerg
  • League: Gold
  • Spawn Location: 11:00

BaDAbouM - Winner!

  • Race: Protoss Protoss
  • Spawn Location: 11:00

VOD

Have the link to the VOD?

Description

Time

  • Played on: Oct. 4, 2020, 9:58 a.m.
  • Length: 28:41
Show
View Real Time Build Order
Export as new Build Order

Massa Terran 

Build Orders: Reaper Expand 

Get SALT Encoding   

  12  0:00  SCV  
  13  0:12  SCV  
  14  0:23  Supply Depot  
  14  0:24  SCV  
  15  0:43  Refinery  
  15  0:45  SCV  
  15  0:46  Barracks  
  16  0:57  SCV  
  17  1:09  SCV  
  18  1:21  SCV  
  19  1:35  Reaper  
  19  1:36  Orbital Command  
  20  1:45  Command Center  
  20  2:07  SCV, Marine  
  22  2:26  Command Center  
  22  2:38  Supply Depot  
  22  2:41  Factory  
  22  3:04  Orbital Command  
  21  3:06  SCV  
  21  3:09  Supply Depot  
  21  3:11  Barracks Reactor  
  22  3:18  SCV  
  23  3:30  SCV x2  
  25  3:42  SCV x2  
  27  3:54  Orbital Command, SCV x2  
  29  3:58  Refinery  
  29  4:01  Starport  
  29  4:03  Engineering Bay  
  29  4:08  Refinery  
  29  4:09  Barracks  
  29  4:10  Barracks Tech Lab  
  29  4:11  Hellion x2  
  30  4:31  Missile Turret  
  30  4:33  Hellion x2  
  30  4:35  Terran Infantry Weapons Level 1  
  34  4:44  Medivac  
  36  4:51  SCV  
  36  4:52  SCV x2  
  39  4:56  Missile Turret  
  39  4:58  Barracks Reactor  
  41  5:00  Hellion  
  41  5:03  SCV, Marauder  
  41  5:04  SCV  
  45  5:14  Missile Turret  
  45  5:17  Missile Turret  
  45  5:22  SCV x3  
  48  5:34  SCV  
  48  5:35  Missile Turret  
  49  5:38  Missile Turret  
  49  5:42  Medivac  
  51  5:47  Engineering Bay  
  51  6:05  Marauder  
  53  6:14  Starport  
  53  6:15  Starport Tech Lab  
  53  6:20  Armory  
  49  6:26  Marauder  
  49  6:30  Terran Infantry Armor Level 1  
  49  6:44  Barracks  
  49  6:45  Marine x2  
  51  6:47  Factory Tech Lab  
  51  6:48  Marauder  
  51  6:50  Banshee  
  51  6:53  Starport Tech Lab  
  56  7:02  Marine  
  56  7:03  Marine  
  56  7:06  Supply Depot  
  58  7:09  Terran Infantry Weapons Level 2, Marauder, Missile Turret  
  60  7:16  Cloaking Field  
  60  7:20  Marine x2  
  62  7:25  Refinery  
  62  7:27  Widow Mine  
  64  7:30  Marine  
  64  7:32  Stimpack  
  65  7:37  SCV x3, Command Center  
  65  7:38  Marine x2  
  70  7:48  Marine  
  70  7:49  SCV x3  
  74  7:56  Marine x2  
  76  8:01  SCV, Hyperflight Rotors  
  77  8:15  Terran Vehicle Weapons Level 1  
  77  8:21  Supply Depot x2  
  77  8:23  Supply Depot  
  77  8:25  Terran Infantry Armor Level 2  
  77  8:42  Marine x5  
  77  8:43  SCV x3, Siege Tank  
  77  8:46  Supply Depot  
  88  8:53  Banshee  
  88  8:55  SCV x3  
  94  8:56  Missile Turret  
  94  8:59  Orbital Command  
  94  9:00  Marine x5  
  99  9:07  SCV  
  100  9:15  Siege Tank  
  100  9:16  Missile Turret  
  103  9:18  Marine x4  
  103  9:19  Marauder  
  109  9:25  SCV x3  
  112  9:31  Combat Shield  
  112  9:36  Orbital Command, Marine x4  
  112  9:37  SCV x2, Missile Turret  
  112  9:38  SCV  
  119  9:40  Marauder  
  119  9:43  Barracks  
  121  9:47  Siege Tank  
  121  9:50  Barracks  
  121  9:51  Barracks  
  124  10:01  Supply Depot x2  
  124  10:03  Supply Depot  
  124  10:07  Terran Infantry Weapons Level 3  
  124  10:22  SCV x4, Marine x2, Medivac  
  124  10:23  Banshee, Marauder  
  137  10:34  Ghost Academy  
  137  10:36  Ghost Academy  
  137  10:42  Terran Infantry Armor Level 3  
  137  10:45  Marauder  
  139  10:50  Concussive Shells  
  139  11:07  Barracks Reactor, Barracks Tech Lab x2  
  139  11:11  Ghost  
  139  11:13  Marine x4  
  143  11:29  Terran Vehicle And Ship Armor Level 1  
  143  11:31  Marine, Personal Cloaking  
  143  11:32  Nuke  
  124  12:11  Marauder x2  
  124  12:12  Marauder, Marine x6  
  133  12:31  Marine x5  
  133  12:32  Marauder, Marine  
  133  12:33  Marauder x2  
  133  12:49  Marine  
  134  12:54  Marauder x3  
  140  12:59  Marine x5  
  145  13:06  Marine  
  146  13:15  Marauder  
  148  13:41  Marauder, Marine x2  
  148  13:43  Marine x2  
  148  13:44  Marauder, Marine, Supply Depot  
  148  13:45  Supply Depot  
  148  13:46  Supply Depot  
  148  13:47  Orbital Command, Supply Depot  
  148  13:48  Supply Depot  
  148  13:49  Marauder, Supply Depot  
  148  13:50  Supply Depot  
  148  13:52  Marine  
  148  13:54  Supply Depot  
  123  13:59  Marine x2  
  123  14:00  Marine x2  
  123  14:01  Thor  
  123  14:02  Marine  
  128  14:03  Marauder  
  128  14:04  Hi-Sec Auto Tracking, Ghost  
  124  14:10  Marine  
  124  14:11  Marauder  
  124  14:16  Marine  
  117  14:17  Marine  
  117  14:18  Marine x2  
  117  14:20  Marine  
  115  14:24  Marauder  
  115  14:29  Marine  
  89  14:31  Ghost  
  89  14:34  Marauder, Marine  
  89  14:35  Marine  
  89  14:36  Marine x2  
  89  14:37  Marine  
  98  14:39  Enhanced Shockwaves  
  98  14:44  Thor  
  106  14:45  Marauder  
  106  14:47  Marine  
  106  14:49  Refinery  
  106  14:51  Refinery  
  106  14:52  Marine x2  
  108  14:54  Marine x2  
  108  14:55  Marauder, Marine  
  114  15:00  Orbital Command, Marine  
  114  15:05  Marine  
  114  15:06  Marine  
  117  15:10  Marine x2  
  117  15:12  Marine  
  120  15:16  Marauder  
  120  15:19  Marauder  
  124  15:24  Ghost  
  124  15:27  Thor  
  132  15:32  SCV x2  
  134  15:36  Sensor Tower  
  134  15:37  SCV  
  134  15:38  SCV  
  136  15:44  SCV x2  
  136  15:47  Refinery  
  136  15:48  Refinery  
  136  15:49  Ghost x2  
  139  15:50  SCV, Marine  
  139  15:51  Marine x3  
  139  15:52  Ghost, Marine x2  
  151  15:58  Nuke  
  151  16:08  Marine x2  
  151  16:09  Thor  
  159  16:18  Ghost x2  
  163  16:29  Command Center  
  163  16:35  SCV x4  
  168  16:47  SCV x4  
  168  16:52  Thor  
  101  17:51  Marauder x3  
  101  17:52  Marine x6  
  101  17:57  Thor  
  95  18:09  Marine  
  95  18:10  Marine x5  
  95  18:12  Marauder  
  99  18:13  Marauder x2  
  99  18:17  Command Center  
  84  18:27  Marine  
  84  18:28  Marine x5  
  84  18:34  Marauder x3  
  92  18:40  Thor  
  88  18:45  Marine x2  
  88  18:46  Marine x4  
  92  18:55  Marauder  
  91  18:56  Marauder x2  
  94  19:03  Marine x4  
  98  19:16  Marauder  
  100  19:17  Marauder x2  
  100  19:21  Command Center  
  100  19:22  Thor  
  110  19:30  Marine x2  
  110  19:31  Marine x3  
  114  19:38  Marauder x3  
  121  19:39  Factory  
  121  19:43  Factory  
  121  19:44  Marine  
  122  19:48  Marine x2  
  124  19:54  Terran Vehicle And Ship Armor Level 2  
  124  19:58  Ghost  
  124  19:59  Ghost x2  
  130  20:05  Siege Tank  
  130  20:27  Ghost x3  
  71  20:37  Factory Tech Lab x2  
  71  20:38  Siege Tank  
  71  20:41  Marine  
  71  20:42  Marine x4  
  77  20:44  Marine  
  78  20:55  Ghost  
  78  20:56  Ghost  
  84  20:57  Marauder  
  84  20:59  Marine x2  
  88  21:18  Marauder  
  88  21:20  Command Center  
  88  21:23  Command Center  
  88  21:25  Marauder x2  
  94  21:40  Marauder  
  94  21:50  SCV x3  
  97  22:02  SCV x2  
  97  22:03  SCV  
  100  22:14  SCV  
  100  22:15  SCV x2  
  103  22:20  Ghost x3  
  105  22:33  Planetary Fortress  
  105  22:37  Refinery  
  105  22:39  Refinery  
  105  22:48  Ghost  
  107  23:23  Nuke x2  
  107  23:42  Sensor Tower  
  103  24:40  Nuke  
  103  24:41  Nuke  
  103  24:51  Planetary Fortress  
  92  25:10  Marauder x3  
  92  25:11  Marine x5  
  92  25:12  Marine  
  102  25:18  Siege Tank  
  105  25:28  Marine  
  105  25:29  Marine  
  105  25:31  SCV x3, Marauder x2  
  105  25:32  Marauder  
  116  25:53  Marauder x3  
  118  26:14  Marauder  
  120  26:37  Marauder x3, Marine x2  
  120  26:38  Thor x3  
  140  26:58  Marauder  
  128  27:21  Thor x3  
  126  28:04  Marine  
  126  28:05  Marauder x3, Marine x2  
Show
View Real Time Build Order
Export as new Build Order

qqq Zerg 

Build Orders: Hatch First, Lurkers 

Get SALT Encoding   

  12  0:00  Drone  
  13  0:08  Drone  
  14  0:35  Hatchery  
  13  0:39  Drone  
  14  0:56  Spawning Pool  
  13  1:04  Overlord  
  13  1:07  Drone  
  13  1:11  Extractor  
  13  1:15  Drone  
  14  1:23  Drone  
  15  1:27  Drone  
  16  1:49  Zergling x2  
  16  1:50  Drone  
  16  1:51  Queen  
  16  1:54  Drone  
  21  2:07  Zergling x2  
  21  2:08  Drone  
  23  2:19  Zergling x2  
  23  2:20  Metabolic Boost  
  23  2:21  Drone  
  23  2:22  Drone  
  26  2:37  Zergling x4  
  28  2:44  Overlord  
  28  2:53  Overlord  
  28  3:01  Queen  
  28  3:05  Drone x3  
  33  3:06  Zergling x2  
  33  3:10  Zergling x4  
  33  3:12  Zergling x2  
  37  3:18  Overlord  
  37  3:21  Zergling x2  
  38  3:27  Zergling x2  
  38  3:29  Zergling x2  
  40  3:41  Zergling x2  
  40  3:42  Zergling x2  
  41  3:49  Drone  
  41  3:50  Lair  
  41  3:51  Zergling x2  
  43  3:58  Zergling x6  
  43  3:59  Drone  
  46  4:13  Zergling x2  
  46  4:14  Drone  
  48  4:17  Spore Crawler  
  48  4:21  Spore Crawler  
  44  4:30  Zergling x10  
  44  4:31  Zergling x4  
  40  4:47  Drone x2  
  40  4:48  Drone x2  
  40  4:49  Roach Warren  
  43  4:56  Zergling x2  
  44  5:05  Hydralisk Den  
  43  5:08  Zergling x2  
  43  5:09  Drone x2  
  46  5:21  Zergling x4  
  46  5:22  Drone, Zergling x4  
  46  5:38  Hydralisk  
  46  5:39  Drone  
  44  6:00  Muscular Augments  
  44  6:04  Drone x3  
  44  6:05  Drone  
  44  6:06  Lurker Den  
  44  6:07  Extractor  
  44  6:09  Extractor  
  44  6:10  Extractor  
  44  6:13  Drone x3  
  44  6:14  Drone  
  48  6:20  Hatchery  
  44  6:35  Roach  
  44  6:36  Glial Reconstitution, Roach x3  
  52  6:40  Overlord x3  
  52  6:58  Roach  
  52  6:59  Roach x4  
  62  7:06  Drone x3  
  62  7:07  Drone  
  66  7:12  Lurker  
  67  7:17  Hydralisk  
  67  7:19  Drone  
  70  7:27  Ravager  
  70  7:28  Hydralisk  
  73  7:30  Drone x2  
  75  7:39  Hydralisk  
  75  7:40  Hydralisk  
  80  7:44  Drone  
  80  7:55  Hydralisk  
  82  8:00  Overlord x2  
  82  8:07  Infestation Pit  
  82  8:08  Drone  
  82  8:10  Overlord  
  82  8:26  Lurker  
  83  8:28  Hydralisk x3  
  83  8:29  Hydralisk  
  83  8:31  Drone  
  83  8:32  Drone  
  93  8:35  Drone  
  93  8:37  Drone  
  95  8:50  Drone x5  
  95  8:51  Drone  
  95  8:52  Drone  
  102  9:05  Drone  
  103  9:10  Spore Crawler  
  103  9:14  Hydralisk  
  103  9:16  Drone x2  
  106  9:24  Hive  
  106  9:25  Evolution Chamber  
  106  9:28  Hatchery, Grooved Spines  
  104  9:35  Lurker  
  104  9:36  Lurker  
  106  9:56  Overlord  
  106  9:57  Overlord  
  106  10:08  Overlord x4  
  106  10:15  Hatchery  
  102  10:24  Hatchery  
  98  10:34  Hydralisk x3  
  98  10:35  Hydralisk  
  94  10:36  Zergling x6, Roach  
  94  10:37  Roach x3  
  75  10:47  Drone x3  
  75  10:49  Hydralisk  
  78  10:50  Hydralisk x2  
  78  10:51  Hydralisk x2  
  88  11:01  Hydralisk  
  88  11:02  Hydralisk x2  
  94  11:05  Lurker x4  
  94  11:08  Extractor  
  94  11:09  Drone x2, Extractor  
  97  11:26  Hydralisk x2  
  97  11:27  Hydralisk x2  
  75  12:13  Hydralisk x3  
  75  12:14  Hydralisk x3  
  74  12:19  Seismic Spines  
  62  12:46  Hatchery  
  62  12:50  Lurker x3  
  62  12:51  Lurker  
  65  12:54  Hatchery  
  64  13:03  Hatchery  
  64  13:05  Swarm Host  
  66  13:16  Adaptive Talons  
  66  13:17  Zerg Missile Weapons Level 1  
  66  13:20  Zergling x2  
  66  13:21  Zergling x4  
  55  13:58  Hydralisk x3  
  55  14:01  Drone  
  57  14:21  Drone  
  57  14:22  Drone x4, Hydralisk x2  
  63  14:25  Lurker  
  64  14:44  Lurker  
  64  14:45  Drone x3  
  67  14:46  Drone x3  
  71  14:57  Drone  
  71  14:58  Drone x2, Queen  
  76  15:00  Queen  
  76  15:03  Drone, Extractor x2, Hydralisk  
  76  15:04  Extractor, Hydralisk  
  77  15:07  Lurker  
  77  15:08  Lurker  
  79  15:22  Hydralisk  
  79  15:23  Hydralisk x2  
  79  15:25  Drone x2  
  87  15:34  Queen  
  89  15:36  Queen  
  89  15:37  Lurker x2  
  89  15:42  Drone x4  
  97  15:46  Hydralisk  
  97  15:48  Drone  
  100  15:50  Lurker  
  95  16:06  Drone x3  
  95  16:07  Drone x2  
  95  16:08  Hydralisk  
  95  16:10  Lurker  
  103  16:12  Lurker  
  103  16:14  Lurker  
  105  16:20  Zerg Missile Weapons Level 2  
  105  16:25  Drone x2  
  107  16:27  Hydralisk  
  100  16:54  Lurker  
  100  16:55  Hydralisk x6  
  100  16:58  Drone x3  
  110  17:19  Hydralisk  
  110  17:20  Hydralisk x3  
  113  17:23  Lurker x4  
  113  17:24  Drone x2  
  113  17:27  Drone  
  110  17:50  Hydralisk x5  
  115  18:07  Lurker x5  
  115  18:08  Hydralisk  
  115  18:11  Zergling x4  
  115  18:12  Drone x5  
  129  18:13  Drone x3  
  132  18:43  Hydralisk  
  132  18:44  Hydralisk x4  
  126  18:57  Hydralisk  
  126  18:58  Hydralisk x2  
  126  18:59  Drone x4  
  126  19:00  Drone x6  
  139  19:06  Lurker  
  132  19:25  Hydralisk x4  
  132  19:28  Lurker x5  
  132  19:29  Lurker  
  132  19:30  Drone x4  
  144  19:32  Extractor  
  144  19:36  Hydralisk x2  
  144  19:45  Overlord x2  
  144  19:50  Hatchery  
  143  19:56  Spine Crawler  
  142  20:06  Lurker x4  
  147  20:07  Hydralisk, Lurker  
  147  20:09  Hatchery  
  141  20:27  Hydralisk, Zergling x6  
  141  20:28  Hydralisk x3, Zergling x4  
  134  20:46  Hydralisk x3  
  134  20:48  Drone x3  
  143  20:59  Hydralisk x3  
  143  21:02  Lurker x2  
  143  21:03  Lurker x2  
  154  21:04  Drone  
  154  21:22  Drone x4, Hydralisk x2  
  154  21:23  Hydralisk x2  
  163  22:02  Lurker x3  
  163  22:05  Overlord x2  
  163  22:06  Overlord x7  
  163  22:22  Spine Crawler x2  
  162  22:23  Spine Crawler x2  
  162  22:24  Drone x3  
  162  22:25  Drone x3, Spine Crawler  
  161  22:39  Extractor  
  161  22:42  Extractor  
  159  22:45  Lurker x2  
  159  22:46  Lurker x5  
  159  22:48  Drone x2  
  168  23:22  Zergling x10  
  173  23:44  Zergling x12  
  173  23:45  Zergling x12  
  142  24:09  Hydralisk x8  
  132  24:11  Drone x3  
  132  24:15  Zerg Ground Armor Level 1  
  132  24:16  Ultralisk Cavern  
  135  24:29  Hydralisk  
  135  24:30  Hydralisk x7  
  131  24:43  Pneumatized Carapace  
  131  24:44  Overseer  
  128  24:58  Lurker x6  
  133  25:02  Viper  
  124  25:31  Viper  
  124  25:32  Hydralisk  
  124  25:33  Hydralisk x2  
  133  25:52  Hydralisk x2  
  133  25:54  Hydralisk x2  
  133  25:55  Hydralisk  
  143  26:10  Zerg Melee Weapons Level 1  
  143  26:23  Hydralisk  
  143  26:24  Hydralisk x2  
  67  27:07  Hydralisk x6  
  79  27:19  Zergling x4  
  21  28:25  Hatchery  
  8  28:32  Hatchery  
Show
View Real Time Build Order
Export as new Build Order

Apceros Zerg - Winner!

Build Orders: Hatch First 

Get SALT Encoding   

  12  0:00  Drone  
  13  0:13  Overlord  
  13  0:16  Drone  
  14  0:31  Drone x2  
  16  0:53  Hatchery  
  16  0:55  Drone  
  16  0:56  Drone  
  17  1:09  Extractor  
  16  1:13  Spawning Pool  
  15  1:22  Drone  
  15  1:25  Drone x2  
  18  1:40  Drone  
  19  1:49  Drone  
  20  2:01  Overlord  
  20  2:04  Queen  
  20  2:06  Queen  
  24  2:18  Drone x4  
  24  2:22  Metabolic Boost  
  28  2:32  Drone x2  
  30  2:41  Drone x2  
  30  2:42  Queen  
  34  2:44  Queen  
  36  2:57  Zergling x2  
  36  3:14  Overlord x2  
  36  3:35  Drone  
  36  3:36  Drone x6  
  36  3:38  Extractor  
  42  3:42  Extractor  
  42  3:43  Evolution Chamber  
  42  3:45  Roach Warren, Lair  
  42  3:47  Overlord x2  
  39  3:49  Drone x2  
  40  4:06  Zergling x14  
  43  4:14  Zergling x2  
  31  4:29  Zergling x2  
  31  4:30  Zergling x6  
  31  4:37  Drone  
  31  4:38  Drone x3  
  35  4:41  Zerg Missile Weapons Level 1  
  35  4:46  Pneumatized Carapace  
  35  4:50  Drone x2  
  37  5:11  Drone x6  
  43  5:26  Drone x2  
  40  5:41  Baneling Nest  
  39  5:45  Roach x6  
  51  5:58  Drone x2  
  51  5:59  Drone  
  51  6:01  Drone  
  55  6:04  Queen  
  55  6:07  Queen  
  55  6:10  Overlord x2  
  59  6:13  Overseer  
  59  6:14  Overseer  
  56  6:34  Roach x5  
  56  6:36  Glial Reconstitution  
  56  6:38  Drone x3  
  69  6:59  Drone x4  
  75  7:08  Roach  
  75  7:11  Overlord x3  
  75  7:30  Zerg Missile Weapons Level 2  
  75  7:31  Centrifical Hooks  
  75  7:32  Zergling x2  
  75  7:33  Zergling x10  
  75  7:34  Hatchery  
  80  8:01  Spore Crawler  
  80  8:02  Spore Crawler  
  78  8:08  Hydralisk Den  
  78  8:10  Roach  
  78  8:11  Roach x5  
  89  8:19  Roach  
  91  8:25  Baneling  
  91  8:26  Baneling x4  
  91  8:38  Zergling x2  
  91  8:39  Overlord x4  
  92  8:48  Drone  
  93  8:49  Drone x5  
  98  8:56  Hydralisk  
  98  8:57  Hydralisk x2  
  104  9:03  Queen  
  106  9:19  Roach  
  106  9:20  Roach x5  
  116  9:40  Hydralisk x2  
  116  9:41  Hydralisk x4  
  125  9:50  Zergling x10  
  129  9:59  Overlord  
  129  10:00  Overlord x2  
  115  10:36  Roach  
  115  10:37  Roach x14  
  115  10:40  Zergling x2  
  132  10:45  Hydralisk  
  132  10:46  Hydralisk x3  
  138  10:51  Drone x2  
  138  10:53  Extractor  
  138  10:56  Extractor  
  138  11:01  Hydralisk  
  138  11:02  Hydralisk x4  
  146  11:11  Hydralisk x2  
  146  11:18  Hydralisk  
  144  11:21  Overlord  
  144  11:22  Overlord x4  
  146  11:35  Zergling x2  
  146  11:36  Zergling x12  
  134  11:57  Hydralisk  
  134  11:58  Hydralisk x5  
  128  12:13  Roach  
  128  12:14  Roach x4  
  135  12:19  Overseer  
  135  12:36  Hydralisk x3  
  75  12:54  Drone  
  75  12:55  Drone x7  
  67  13:11  Overseer x3  
  67  13:12  Overseer  
  67  13:18  Drone  
  67  13:19  Hatchery, Drone x9  
  76  13:38  Roach x5  
  76  13:39  Roach  
  88  13:49  Hydralisk x8  
  102  14:00  Hydralisk  
  102  14:01  Hydralisk  
  106  14:06  Zergling x10  
  111  14:20  Hydralisk  
  111  14:21  Hydralisk x5  
  119  14:45  Extractor  
  119  14:47  Drone x2  
  119  14:48  Drone x8, Extractor  
  127  15:03  Roach  
  127  15:04  Roach x11  
  127  15:06  Queen  
  153  15:13  Hydralisk x2  
  153  15:14  Hydralisk x3  
  163  15:30  Lurker Den  
  154  16:00  Roach  
  154  16:01  Roach x10  
  176  16:13  Hatchery  
  176  16:16  Overlord x2  
  176  16:17  Overlord x2  
  173  16:27  Drone x3  
  176  16:41  Roach x7  
  190  16:52  Roach  
  190  16:53  Roach x10  
  157  17:12  Hydralisk x7  
  115  17:25  Queen  
  115  17:26  Hydralisk x6  
  127  17:33  Hydralisk  
  127  17:34  Hydralisk x2  
  131  17:48  Hydralisk x7  
  139  18:00  Lurker x4  
  139  18:02  Lurker  
  144  18:24  Zerg Ground Armor Level 1  
  124  18:54  Roach  
  124  18:55  Roach x24  
  130  19:22  Hydralisk  
  130  19:23  Hydralisk x8  
  119  19:42  Hydralisk  
  119  19:43  Hydralisk x9  
  139  19:54  Queen  
  141  20:08  Hydralisk  
  141  20:09  Hydralisk x9  
  107  20:30  Hydralisk  
  107  20:31  Hydralisk x6  
  117  20:38  Drone  
  117  20:39  Drone x12  
  130  20:43  Extractor  
  130  20:44  Extractor  
  128  21:08  Hydralisk x8  
  144  21:23  Hatchery  
  143  21:32  Hydralisk  
  143  21:33  Hydralisk x6  
  157  21:43  Lurker  
  157  21:45  Lurker  
  159  22:00  Lurker x2  
  161  22:11  Lurker  
  161  22:12  Lurker  
  163  22:30  Extractor x2  
  161  22:50  Roach x10  
  161  22:51  Roach x5  
  191  23:03  Infestation Pit  
  191  23:04  Evolution Chamber  
  191  23:05  Zerg Ground Armor Level 2  
  73  23:57  Hydralisk  
  73  23:58  Hydralisk x17  
  103  24:20  Hydralisk x5  
  107  24:28  Drone  
  107  24:29  Drone x2  
  108  24:38  Hydralisk x3  
  114  24:49  Queen  
  114  24:52  Queen  
  116  24:54  Queen  
  116  24:55  Hydralisk x2  
  116  24:56  Hydralisk  
  85  25:21  Hydralisk  
  85  25:22  Hydralisk x3  
  80  25:59  Hive  
  57  26:10  Hydralisk x7  
  54  26:34  Hatchery, Hydralisk  
  54  26:35  Hydralisk x2  
  21  27:16  Roach x6  
  33  27:29  Hatchery  
Show
View Real Time Build Order
Export as new Build Order

BaDAbouM Protoss - Winner!

Build Orders: Oracle Opening 

Get SALT Encoding   

  12  0:00  Probe  
  13  0:12  Probe  
  14  0:20  Pylon  
  14  0:24  Probe  
  15  0:38  Probe  
  15  0:40  Gateway  
  16  0:50  Probe  
  16  0:54  Assimilator  
  17  1:02  Probe  
  18  1:06  Assimilator  
  18  1:14  Probe  
  19  1:26  Probe  
  19  1:27  Cybernetics Core  
  19  1:29  Pylon  
  20  1:38  Probe  
  21  1:51  Probe  
  22  2:03  Probe  
  22  2:06  Nexus  
  23  2:19  Stargate  
  23  2:30  Pylon  
  23  2:48  Gateway  
  23  2:50  Gateway  
  23  2:57  Stalker  
  25  3:00  Warp Gate (Chrono Boost)  
  25  3:01  Oracle (Chrono Boost)  
  28  3:10  Probe  
  29  3:19  Probe  
  30  3:22  Probe  
  31  3:29  Pylon  
  31  3:31  Probe  
  32  3:41  Probe, Oracle (Chrono Boost)  
  32  3:43  Probe  
  37  3:51  Twilight Council  
  37  3:53  Probe  
  38  3:59  Probe  
  39  4:05  Probe  
  39  4:08  Shield Battery  
  40  4:11  Probe  
  41  4:40  Stalker x3  
  41  4:43  Probe x2  
  41  4:45  Assimilator  
  49  4:53  Twilight Council  
  49  4:54  Pylon  
  49  4:55  Probe  
  49  4:56  Shield Battery  
  50  5:06  Zealot x3  
  56  5:07  Probe x2  
  56  5:11  Assimilator  
  56  5:14  Pylon  
  58  5:19  Probe  
  58  5:20  Probe  
  60  5:31  Probe  
  60  5:32  Probe, Stalker  
  60  5:33  Stalker x2  
  65  5:57  Stalker x3  
  65  5:59  Probe x2  
  73  6:08  Blink (Chrono Boost)  
  73  6:11  Probe  
  73  6:19  Forge  
  73  6:34  Sentry x2  
  77  6:43  Probe  
  78  6:55  Shield Battery  
  78  6:57  Photon Cannon  
  78  6:58  Nexus  
  78  7:00  Pylon  
  78  7:02  Photon Cannon  
  78  7:03  Pylon  
  78  7:11  Pylon x2  
  78  7:12  Pylon  
  78  7:15  Gateway  
  78  7:17  Gateway  
  78  7:19  Gateway  
  78  7:27  Protoss Ground Weapons Level 1 (Chrono Boost)  
  78  7:31  Probe, Forge  
  79  7:43  Probe, Stalker x3  
  83  7:58  Probe  
  84  8:01  Photon Cannon  
  84  8:02  Photon Cannon, Protoss Ground Armor Level 1 (Chrono Boost)  
  84  8:05  Shield Battery  
  84  8:06  Probe  
  84  8:07  Pylon  
  84  8:09  Pylon  
  84  8:10  Probe  
  86  8:13  Pylon  
  86  8:18  Templar Archives  
  86  8:23  Assimilator  
  86  8:28  Assimilator  
  86  8:29  Sentry  
  86  8:30  Stalker x2  
  86  8:33  Zealot  
  94  8:37  Psionic Storm  
  94  8:54  Probe x3  
  97  9:06  Probe x3, High Templar x4  
  97  9:07  High Templar x2  
  112  9:18  Probe, Gateway  
  112  9:19  Probe x2  
  112  9:20  Gateway  
  112  9:23  Gateway  
  115  9:25  Protoss Ground Weapons Level 2 (Chrono Boost)  
  115  9:37  Probe  
  116  9:40  High Templar x2  
  116  9:42  Zealot x2  
  116  9:43  Zealot x2  
  116  9:45  Charge (Chrono Boost)  
  128  10:04  Nexus  
  128  10:06  Pylon  
  128  10:11  Protoss Ground Armor Level 2 (Chrono Boost)  
  128  10:48  Stalker x8  
  128  10:49  Stalker  
  146  10:55  Pylon  
  121  12:20  Stalker x5  
  121  12:21  Stalker x4  
  121  12:45  Pylon  
  121  12:46  Pylon  
  121  12:49  High Templar x6  
  121  12:50  High Templar  
  135  13:11  Photon Cannon  
  135  13:12  Photon Cannon, Shield Battery  
  135  13:13  Photon Cannon  
  135  13:14  Shield Battery  
  135  13:15  Shield Battery  
  135  13:24  High Templar x4  
  135  13:25  High Templar  
  135  13:27  Zealot x4  
  147  13:29  Archon  
  147  13:30  Archon  
  149  13:54  Archon x2  
  119  14:30  Stalker x6  
  119  14:31  Stalker x3  
  127  14:51  Pylon, Robotics Facility  
  127  14:53  Pylon  
  123  15:09  Robotics Facility x2  
  123  15:12  High Templar x4  
  123  15:13  High Templar x5  
  141  15:19  Protoss Ground Armor Level 3 (Chrono Boost)  
  141  15:30  Protoss Ground Weapons Level 3 (Chrono Boost)  
  141  15:41  Nexus  
  141  15:43  Pylon  
  141  15:46  Pylon  
  141  15:50  Pylon  
  141  15:53  Gateway  
  141  15:54  Gateway x2, Assimilator  
  141  15:57  Gateway  
  141  15:58  Gateway, Assimilator  
  141  16:00  Gateway  
  141  16:05  Gateway, Zealot x4  
  141  16:06  Zealot x5  
  141  16:08  Gateway  
  159  16:22  Photon Cannon  
  159  16:23  Observer x3  
  159  16:24  Photon Cannon  
  162  16:26  Photon Cannon  
  162  16:28  Photon Cannon  
  162  16:33  Shield Battery  
  162  16:35  Shield Battery  
  162  16:36  Photon Cannon  
  162  16:37  Shield Battery  
  162  16:39  Probe x3  
  165  16:41  Zealot  
  165  16:42  Zealot x6  
  165  16:43  Zealot x2  
  181  17:16  Observer x3 (Chrono Boost)  
  184  17:29  Observer x2 (Chrono Boost)  
  132  17:48  Archon x4  
  114  17:54  Zealot  
  114  17:55  Zealot x7  
  114  17:56  Zealot x5  
  116  18:13  Gateway  
  116  18:16  Gateway  
  114  18:40  Zealot x4  
  114  18:41  Zealot x5  
  122  18:42  Zealot x6  
  122  18:43  Zealot x2  
  144  19:05  Stargate  
  144  19:06  Stargate  
  144  19:14  High Templar x7  
  144  19:15  High Templar x2  
  162  19:30  Pylon  
  162  19:32  Nexus  
  162  19:35  Pylon x2, Assimilator  
  162  19:37  Assimilator  
  162  19:38  Pylon  
  162  19:39  Pylon  
  162  19:42  Stargate  
  162  19:47  Stargate  
  162  19:59  Photon Cannon  
  162  20:01  Photon Cannon, Stalker x6  
  162  20:02  Stalker x7  
  162  20:04  Photon Cannon  
  146  20:49  Pylon, Fleet Beacon  
  146  20:50  Pylon  
  146  20:52  Pylon  
  146  20:54  Protoss Shields Level 1 (Chrono Boost)  
  146  21:11  Shield Battery  
  146  21:13  Shield Battery  
  146  21:16  Pylon x2  
  146  21:20  Pylon  
  146  21:23  Cybernetics Core  
  146  21:25  Pylon  
  146  21:28  Protoss Air Weapons Level 1 (Chrono Boost)  
  146  21:42  Carrier x2 (Chrono Boost)  
  146  21:44  Carrier (Chrono Boost)  
  164  22:08  Nexus  
  164  22:10  Pylon  
  162  22:19  Carrier (Chrono Boost)  
  162  22:20  Carrier (Chrono Boost)  
  174  22:35  Protoss Air Armor Level 1 (Chrono Boost)  
  174  22:42  Photon Cannon  
  174  22:44  Photon Cannon  
  174  23:25  Carrier (Chrono Boost)  
  174  23:26  Protoss Shields Level 2 (Chrono Boost)  
  192  23:29  Carrier (Chrono Boost)  
  192  23:30  Carrier (Chrono Boost)  
  192  23:38  Protoss Air Weapons Level 2 (Chrono Boost)  
  198  23:59  Carrier (Chrono Boost)  
  146  24:13  Observer x2 (Chrono Boost)  
  149  24:20  Observer (Chrono Boost)  
  149  24:36  Pylon  
  149  24:37  Assimilator  
  149  24:38  Assimilator  
  149  24:39  Pylon  
  149  24:40  Photon Cannon  
  149  24:41  Pylon  
  149  24:44  Photon Cannon  
  147  24:50  Pylon  
  147  24:51  Pylon  
  147  24:53  Pylon  
  147  24:55  Pylon  
  147  24:57  High Templar x3  
  147  24:58  High Templar x2  
  148  25:05  Archon x2  
  148  25:10  High Templar x2  
  150  25:36  Zealot x5  
  150  25:37  Zealot x6  
  150  25:38  Zealot x5  
  150  25:39  Zealot  
  184  25:54  Photon Cannon x2  
  184  25:56  Photon Cannon  
  184  25:59  Shield Battery  
  184  26:09  Photon Cannon x2  
  184  26:11  Photon Cannon  
  183  26:45  High Templar x2  
  183  26:46  High Templar x5  
  197  26:47  Zealot  
  196  27:04  Zealot x2  
  196  27:05  Zealot  
  198  27:19  Archon  
  198  27:20  Archon x2  
  190  28:00  Zealot x3  
  190  28:01  Zealot x2  
Tags
 
Add a new tag
Caveats
  • Supply blocks, unpowered buildings, or Contaminate may cause inaccurate times.
  • Supply counts are checked every 10 seconds.